 Dungeon Crawl Stone Soup version 0.20.0-15-g7f486f2 (webtiles) character file.

19 renl the Charmwright (level 2, 0/25 HPs)
             Began as a Draconian Skald on June 22, 2017.
             Succumbed to a goblin's poison
             ... on level 1 of the Dungeon.
             The game lasted 00:03:16 (409 turns).

renl the Charmwright (Draconian Skald)               Turns: 409, Time: 00:03:17

Health: 0/25       AC:  4    Str: 13    XL:     2   Next: 55%
Magic:  4/5        EV: 12    Int: 13    God:
Gold:   39         SH:  0    Dex: 10    Spells: 2/5 levels left

rFire    . . .     SeeInvis .   a - +0 mace
rCold    . . .     Gourm    .   (no shield)
rNeg     . . .     Faith    .   (armour unavailable)
rPois    .         Spirit   .   (helmet restricted)
rElec    .         Reflect  .   (no cloak)
rCorr    .         Harm     .   (no gloves)
MR       .....                  (no boots)
Stlth    +.........             (no amulet)
Regen    0.1/turn               (no ring)
MPRegen  0.1/turn               (no ring)

@: lethally poisoned (0 -> -35)
A: unfitting armour, cold-blooded, AC +4
a: no special abilities


You were on level 1 of the Dungeon.
You were not hungry.

You visited 1 branch of the dungeon, and saw 2 of its levels.

You collected 39 gold pieces.

Inventory:

Hand Weapons
 a - a +0 mace (weapon)
Scrolls
 d - 2 scrolls of identify {unknown}
 e - a scroll of teleportation {unknown}
 f - a scroll of remove curse {unknown}
 h - a scroll of enchant weapon {unknown}
Potions
 g - a potion of mutation {unknown}
Books
 b - a book of Battle

   Spells                             Type                      Level
   a - Infusion                       Charms                       1
   b - Shroud of Golubria             Charms/Translocation         2
   c - Song of Slaying                Charms                       2
   d - Spectral Weapon                Hexes/Charms                 3
   e - Regeneration                   Charms/Necromancy            3
Comestibles
 c - a bread ration


   Skills:
 * Level 2.5 Fighting
 * Level 2.1 Maces & Flails
 + Level 2.1 Dodging
 + Level 0.2 Stealth
 + Level 2.2 Spellcasting
 * Level 3.0 Charms
 + Level 0.2 Translocations


You had 2 spell levels left.
You knew the following spells:

 Your Spells              Type           Power        Failure   Level  Hunger
a - Infusion              Chrm           #...         7%          1    ##.....
b - Shroud of Golubria    Chrm/Tloc      #.........   19%         2    ###....


Dungeon Overview and Level Annotations

Branches:
Dungeon (2/15)

Altars:


Innate Abilities, Weirdness & Mutations

Your plain brown scales are hard. (AC +4)
You cannot fit into any form of body armour.
You are cold-blooded and may be slowed by cold attacks.


Message History

You feel sick.
The goblin hits you with a dagger of venom.
You are more poisoned.
You completely miss the goblin.
The goblin is moderately wounded.
* * * LOW HITPOINT WARNING * * *
You feel sick. The goblin hits you but does no damage.
You are more poisoned.
You hit the goblin but do no damage.
The goblin is moderately wounded.
Your shroud unravels.
* * * LOW HITPOINT WARNING * * *
You feel very sick. The goblin hits you but does no damage.
You are more poisoned.
The goblin barely misses you.
Unknown command.
You closely miss the goblin.
The goblin is moderately wounded.
You die...

#### ##### ..... ...#
########## ..... #####(###
#......... $(....#.......#
#.#######.
......#.......#####.#######.
......>.....................
........l..l..###........###
.......####g### #........# #
....... #@# #.....†..#
....##. #.# ##..#.#### # ...
#. #.######..#.# # .. #.
#.#....#..#.### # . #.
#.#.##.#..#...# #
#.####.#.#.....#...# #
#..........##.##...####
#..(...................
######.###.#####.######


You could see a goblin and a frilled lizard.

Vanquished Creatures
  A leopard gecko (D:2)
  A ball python (D:1)
  3 giant cockroaches (D:1)
  2 hobgoblins (D:1)
  4 bats (D:1)
  2 frilled lizards (D:1)
  5 kobolds (D:1)
  A rat (D:1)
19 creatures vanquished.

Notes
Turn   | Place    | Note
-------+----------+-------------------------------------------
     0 | D:1      | renl the Draconian Skald began the quest for the Orb.
     0 | D:1      | Reached XP level 1. HP: 17/17 MP: 3/3
   146 | D:1      | Reached XP level 2. HP: 5/24 MP: 5/5
   150 | D:1      | Learned a level 2 spell: Shroud of Golubria
   283 | D:1      | Reached skill level 3 in Charms
   409 | D:1      | Succumbed to a goblin's poison

Skill      XL: |  1  2 |
---------------+-------+-----
Charms         | 3 |  3.0
Fighting       | |  2.5
Maces & Flails | |  2.1
Dodging        | |  2.1
Stealth        | |  0.2
Spellcasting   | |  2.2
Translocations | |  0.2

Action                   || total
-------------------------++-------
Melee: Mace              ||    60
       Tailslap          ||     4
 Cast: Infusion          ||     4
       Shroud of Golubri ||     6
 Stab: Sleeping          ||     1
Armor: Skin              ||    22
Dodge: Dodged            ||    48
